Map: Kairos Junction LE

Players

NoRegreT - Winner!

  • Race: Terran Terran
  • League: Master
  • Spawn Location: 11:00

Cliggity

  • Race: Protoss Protoss
  • Spawn Location: 5:00

VOD

Have the link to the VOD?

Description

Time

  • Played on: Dec. 4, 2018, 12:08 a.m.
  • Length: 10:08
Show
View Real Time Build Order
Export as new Build Order

NoRegreT Terran - Winner!

Build Orders:  

Get SALT Encoding   

  12  0:00  SCV  
  13  0:12  SCV  
  14  0:18  Supply Depot  
  14  0:25  SCV  
  15  0:33  Refinery  
  15  0:40  SCV  
  16  0:51  Barracks  
  16  0:52  SCV  
  17  1:04  SCV  
  17  1:05  Refinery  
  18  1:16  SCV  
  19  1:30  SCV  
  20  1:38  Reaper  
  21  1:43  Orbital Command  
  21  1:46  Factory  
  21  1:56  Supply Depot  
  21  2:09  SCV  
  22  2:21  SCV  
  23  2:25  Barracks Tech Lab  
  23  2:32  Command Center  
  23  2:35  SCV  
  24  2:52  SCV  
  25  3:08  SCV  
  25  3:09  Cyclone  
  29  3:13  Starport  
  29  3:19  Barracks Reactor  
  29  3:20  SCV  
  30  3:32  SCV  
  31  3:43  Armory  
  31  3:44  SCV  
  31  3:45  Orbital Command  
  32  3:53  Supply Depot, Barracks  
  32  3:56  SCV  
  35  4:02  Liberator  
  33  4:14  SCV  
  33  4:15  SCV  
  34  4:17  Cyclone  
  40  4:24  Supply Depot  
  40  4:27  SCV x2  
  40  4:31  Drilling Claws  
  42  4:39  SCV x2  
  42  4:42  Supply Depot, Barracks Tech Lab  
  44  4:51  SCV x2  
  46  4:56  Marine x2  
  48  5:03  Command Center, SCV  
  48  5:04  SCV  
  48  5:05  Widow Mine  
  48  5:06  Medivac  
  54  5:08  Marine, Stimpack  
  55  5:14  Marine x2  
  55  5:15  Supply Depot, SCV  
  55  5:16  SCV  
  56  5:26  Marine  
  56  5:27  SCV  
  56  5:28  SCV  
  56  5:30  Widow Mine  
  59  5:36  Medivac  
  59  5:38  Barracks  
  59  5:39  SCV  
  59  5:40  SCV  
  64  5:43  Marine  
  64  5:48  Refinery  
  64  5:49  Refinery  
  62  5:51  SCV  
  62  5:52  SCV  
  62  5:58  Barracks x2  
  62  6:00  Widow Mine x2  
  62  6:03  Combat Shield, Marine x2, SCV  
  69  6:05  SCV  
  69  6:10  Supply Depot  
  70  6:15  SCV  
  70  6:17  Engineering Bay, SCV  
  72  6:19  Orbital Command  
  72  6:21  Marine  
  72  6:22  Marine  
  74  6:28  SCV  
  75  6:39  Marine x2  
  76  6:46  SCV  
  78  6:47  Barracks Reactor  
  78  6:48  Barracks Reactor  
  78  6:53  Barracks Reactor  
  78  6:57  Marine, Marauder  
  80  7:08  SCV  
  81  7:15  Marine  
  79  7:18  Marine  
  79  7:19  SCV  
  79  7:21  Orbital Command, Starport Reactor  
  82  7:23  Terran Infantry Weapons Level 1  
  80  7:33  Marine  
  80  7:35  SCV  
  80  7:36  Marine  
  81  7:46  SCV  
  81  7:47  SCV  
  81  7:48  SCV  
  81  7:50  Marine x2  
  81  7:51  Marine  
  86  7:54  Marine  
  86  7:56  Marine x4  
  86  7:58  Medivac x2, SCV  
  97  7:59  SCV  
  97  8:00  SCV  
  97  8:01  Engineering Bay  
  99  8:08  Marine x2  
  101  8:12  Barracks  
  101  8:13  Supply Depot, Barracks  
  101  8:15  Supply Depot  
  101  8:16  Supply Depot  
  101  8:20  Supply Depot  
  101  8:22  Supply Depot  
  101  8:25  Concussive Shells  
  101  8:33  Supply Depot  
  101  8:35  Widow Mine, Marine x3, SCV x3  
  101  8:36  Widow Mine, Marauder  
  113  8:47  SCV x2  
  115  8:53  Marauder  
  117  8:56  SCV  
  117  8:57  Marine x3  
  117  8:58  Medivac x2, Marauder  
  117  9:01  Barracks Reactor  
  121  9:04  Marine x3  
  121  9:06  SCV  
  121  9:07  SCV  
  126  9:10  Supply Depot x2  
  126  9:11  Barracks Reactor  
  126  9:15  Marauder  
  128  9:19  Command Center, Marauder  
  128  9:21  Refinery  
  128  9:22  Refinery  
  128  9:23  Marine x3  
  128  9:24  Command Center, Marine x3  
  136  9:32  Starport  
  136  9:34  Medivac x2, Starport  
  136  9:36  Marauder  
  142  9:41  Marine x4, Marauder  
Show
View Real Time Build Order
Export as new Build Order

Cliggity Protoss 

Build Orders:  

Get SALT Encoding   

  12  0:01  Probe  
  13  0:13  Probe  
  14  0:25  Probe  
  14  0:26  Pylon  
  15  0:41  Probe  
  15  0:45  Gateway  
  15  0:49  Probe  
  16  0:56  Assimilator  
  17  0:58  Probe  
  18  1:10  Probe  
  19  1:38  Probe, Cybernetics Core  
  20  1:43  Gateway  
  20  1:50  Probe  
  21  2:02  Pylon  
  21  2:06  Pylon  
  21  2:13  Probe  
  22  2:17  Warp Gate  
  22  2:18  Stalker  
  22  2:21  Assimilator  
  24  2:31  Shield Battery  
  24  2:33  Shield Battery  
  24  2:46  Stalker  
  25  3:01  Probe  
  26  3:14  Probe, Nexus  
  26  3:19  Pylon  
  26  3:38  Probe  
  26  3:40  Robotics Facility  
  26  3:46  Probe  
  26  3:47  Stalker  
  28  4:07  Probe  
  29  4:19  Probe  
  30  4:26  Probe  
  30  4:27  Probe, Gateway  
  30  4:29  Pylon x2  
  32  4:34  Probe  
  32  4:35  Probe  
  33  4:42  Probe  
  34  4:46  Probe  
  34  4:47  Immortal  
  40  4:54  Probe  
  40  4:59  Probe  
  42  5:01  Assimilator  
  42  5:03  Assimilator  
  42  5:06  Stalker  
  42  5:07  Probe  
  45  5:16  Twilight Council  
  45  5:26  Stalker  
  45  5:27  Stalker  
  45  5:28  Probe x2, Warp Prism  
  53  5:43  Probe  
  53  5:44  Probe  
  53  5:46  Blink  
  55  5:55  Probe  
  55  5:56  Probe  
  57  6:02  Gateway  
  57  6:07  Probe  
  57  6:08  Probe  
  59  6:15  Probe  
  59  6:16  Immortal  
  63  6:20  Probe  
  55  6:48  Observer  
  54  7:15  Templar Archives  
  54  7:22  Stalker x3  
  58  7:40  Probe x2  
  60  7:50  Probe  
  54  7:52  Probe  
  56  7:58  Probe  
  56  8:00  Probe  
  56  8:04  Nexus  
  58  8:07  Probe  
  58  8:08  Probe  
  60  8:14  Psionic Storm  
  60  8:22  Zealot x4  
  68  8:28  Probe  
  68  8:29  Probe  
  65  9:00  Probe x2  
  67  9:04  High Templar x2  
  67  9:09  Probe  
  71  9:12  Probe  
  73  9:17  Probe  
  73  9:21  Probe  
  75  9:24  Probe  
  75  9:27  Probe  
  77  9:33  Probe  
  77  9:36  Probe  
  79  9:39  Probe  
  80  9:51  Probe  
  72  9:56  Archon  
  72  9:57  Zealot  
  72  9:58  Zealot x3  
Tags
 
Add a new tag
Caveats
  • Supply blocks, unpowered buildings, or Contaminate may cause inaccurate times.
  • Supply counts are checked every 10 seconds.